 Dungeon Crawl Stone Soup version 0.22.0-49-gab54619 (webtiles) character file.

284 Starchild the Slasher (level 6, -3/51 HPs)
             Began as a Draconian Monk on Sept 6, 2018.
             Slain by an iguana (8 damage)
             ... on level 5 of the Dungeon.
             The game lasted 00:11:04 (3147 turns).

Starchild the Slasher (Draconian Monk)              Turns: 3147, Time: 00:11:04

Health: -3/51      AC:  7    Str: 16    XL:     6   Next: 7%
Magic:  6/6        EV: 13    Int: 10    God:
Gold:   187        SH:  0    Dex: 13    Spells: 5/5 levels left

rFire    . . .     SeeInvis .   a - +0 falchion
rCold    . . .     Gourm    .   (no shield)
rNeg     . . .     Faith    .   (armour unavailable)
rPois    .         Spirit   .   (helmet restricted)
rElec    .         Reflect  .   (no cloak)
rCorr    .         Harm     .   o - +0 pair of gloves
MR       +....                  (no boots)
Stlth    ++........             (no amulet)
HPRegen  0.17/turn              d - ring of flight
MPRegen  0.10/turn              n - ring of protection from magic

@: about to teleport
A: unfitting armour, cold-blooded, AC +6
a: Evoke Flight


You were on level 5 of the Dungeon.
You were hungry.

You visited 1 branch of the dungeon, and saw 5 of its levels.

You collected 187 gold pieces.

Inventory:

Hand Weapons
 a - a +0 falchion (weapon)
 c - a +2 short sword of freezing
 y - a +3 short sword of speed
Missiles
 h - 82 stones
 q - 14 tomahawks (quivered)
Armour
 o - a +0 pair of gloves (worn)
Jewellery
 d - a ring of flight (left hand)
 n - a ring of protection from magic (right hand)
Scrolls
 f - a scroll of fear {unknown}
 g - a scroll of enchant armour
 k - 4 scrolls of teleportation
 m - 3 scrolls of remove curse {unknown}
 p - 2 scrolls of amnesia {unknown}
 t - a scroll of identify
 u - a scroll of random uselessness {unknown}
 v - a scroll of fog {unknown}
Potions
 e - a potion of lignification {unknown}
 i - a potion of resistance {unknown}
 j - a potion of might {unknown}
 l - a potion of mutation {unknown}
 r - 2 potions of degeneration {unknown}
 s - a potion of agility {unknown}
 w - a potion of haste {unknown}
 x - 2 potions of heal wounds {unknown}
 z - a potion of invisibility {unknown}
 A - a potion of curing {unknown}
Comestibles
 b - 11 rations
 B - a chunk of flesh


   Skills:
 - Level 3.2 Fighting
 + Level 6.9 Long Blades
 - Level 2.6 Dodging
 - Level 1.7 Stealth


You had 5 spell levels left.
You didn't know any spells.
Your spell library was empty.

Dungeon Overview and Level Annotations

Branches:
Dungeon (5/15)
 Temple: D:4-7

Altars:
Dithmenos


Innate Abilities, Weirdness & Mutations

Your plain brown scales are hard. (AC +6)
You cannot fit into any form of body armour.
You are cold-blooded and may be slowed by cold attacks.


Message History

You hit the iguana.
The iguana is heavily wounded.
The iguana barely misses you.
You riposte.
You barely miss the iguana.
The iguana is heavily wounded.
You are feeling hungry.
You closely miss the iguana.
The iguana is heavily wounded.
The iguana closely misses you.
You riposte.
You hit the iguana but do no damage.
The iguana is heavily wounded.
You barely miss the iguana.
The iguana is heavily wounded.
The iguana bites you!
* * * LOW HITPOINT WARNING * * *
An ogre comes into view. It is wielding a giant club.
You see here a gnoll corpse.
Okay, then.
As you read the scroll of teleportation, it crumbles to dust.
You feel strangely unstable. The iguana bites you!
You die...

#. #.####.# #.
......# #O ......#
o. ##.##......###o#
## +...#..... ..#.#
...
#..###.####.#o##...
#.................
##.###.##......#
#@# #.##......# #l#
#.....<...# #.#
####."....# #.#
#.....#.## #.#
#.....#.#
#....g.......#
##............
..........#..
..........+..


You could see an ogre (wandering) and an iguana.

Vanquished Creatures
  A crimson imp (D:3)
  A worker ant (D:2)
  3 orc wizards
  5 adders
  A gnoll (D:5)
  An ooze (D:2)
  3 worms (D:2)
  2 leopard geckos
  17 orcs
  3 giant cockroaches
  5 goblins
  3 hobgoblins
  5 jackals
  4 kobolds
  A quokka (D:3)
  A ball python (D:2)
  A bat (D:1)
  2 frilled lizards (D:3)
  A leopard gecko skeleton (D:4)
  6 rats
66 creatures vanquished.

Notes
Turn   | Place    | Note
-------+----------+-------------------------------------------
     0 | D:1      | Starchild the Draconian Monk began the quest for the Orb.
     0 | D:1      | Reached XP level 1. HP: 19/19 MP: 1/1
   323 | D:1      | Reached XP level 2. HP: 25/26 MP: 2/2
  1076 | D:2      | Reached skill level 4 in Long Blades
  1103 | D:2      | Reached XP level 3. HP: 22/31 MP: 3/3
  1407 | D:2      | Reached skill level 5 in Long Blades
  1407 | D:2      | Reached XP level 4. HP: 31/38 MP: 4/4
  2145 | D:3      | You fall through a shaft!
  2145 | D:4      | Noticed an orc warrior
  2351 | D:3      | Reached XP level 5. HP: 42/45 MP: 5/5
  2364 | D:3      | Reached skill level 6 in Long Blades
  2579 | D:3      | Found a shadowy altar of Dithmenos.
  2974 | D:4      | Reached XP level 6. HP: 35/51 MP: 6/6
  3115 | D:5      | Entered Level 5 of the Dungeon
  3147 | D:5      | Slain by an iguana

Skill      XL: |  1  2  3  4  5 |
---------------+----------------+-----
Long Blades    | 4 5 6 |  6.9
Fighting       | |  3.2
Dodging        | |  2.6
Stealth        | |  1.7

Action                   |  1- 3 |  4- 6 || total
-------------------------+-------+-------++-------
Melee: Falchion          |    84 |   169 ||   253
       Tailslap          |    14 |    23 ||    37
Throw: Stone             |    20 |     4 ||    24
       Tomahawk          |       |     5 ||     5
  Use: Scroll            |     4 |     3 ||     7
 Stab: Sleeping          |     6 |     1 ||     7
       Distracted        |     1 |     1 ||     2
  Eat: Chunk             |     1 |     6 ||     7
Armor: Skin              |    17 |    41 ||    58
Dodge: Dodged            |    73 |   115 ||   188
       Rpst.: Falchion   |    22 |    39 ||    61
